 Dungeon Crawl Stone Soup version 0.26-a0-663-g36e8fdb655 (webtiles) character file.

Game seed: 13131823600008571842

2 flotson the Sneak (level 1, 0/13 HPs)
             Began as a Vampire Delver on Oct 10, 2020.
             Slain by a worker ant (6 damage)
             ... on level 4 of the Dungeon.
             The game lasted 00:00:54 (349 turns).

flotson the Sneak (Vampire Delver)                   Turns: 349, Time: 00:00:54

Health: 0/13       AC:  3    Str: 11    XL:     1   Next: 33%
Magic:  1/1        EV: 12    Int: 12    God:
Gold:   26         SH:  0    Dex: 15    Spells: 0/0 levels left

rFire    . . .     SeeInvis +     - Unarmed
rCold    + + .     Faith    .   (no shield)
rNeg     + + +     Spirit   .   a - +0 leather armour
rPois    ∞         Reflect  .   (no helmet)
rElec    .         Harm     .   (no cloak)
rCorr    .         Rampage  .   (no gloves)
MR       .....                  (no boots)
Stlth    +++++.....             (no amulet)
HPRegen  0.00/turn              (no ring)
MPRegen  0.07/turn              (no ring)

@: bloodless
A: fangs 3, see invisible, unbreathing
a: Revivify


You were on level 4 of the Dungeon.
You visited 1 branch of the dungeon, and saw 2 of its levels.

You collected 26 gold pieces.

Inventory:

Armour
 a - a +0 leather armour (worn)
Wands
 f - a wand of digging (3)
Scrolls
 b - a scroll of fog
 c - a scroll of magic mapping
 d - a scroll of fear
 h - a scroll of identify {unknown}
 j - 2 scrolls of remove curse {unknown}
 k - a scroll of amnesia {unknown}
Potions
 e - a potion of haste
 g - a potion of curing {unknown}
 i - a potion of lignification {unknown}
 l - 2 potions of flight {unknown}
 m - a potion of mutation {unknown}
 n - a potion of degeneration {unknown}


   Skills:
 + Level 2.7 Fighting
 + Level 2.1 Dodging
 + Level 7.3 Stealth
 + Level 2.2 Unarmed Combat


You couldn't memorise any spells.
You didn't know any spells.
Your spell library was empty.

Dungeon Overview and Level Annotations

Branches:
Dungeon (5/15)
 Temple: D:4-7

Altars:


Innate Abilities, Weirdness & Mutations

You do not regenerate when monsters are visible.
You are frail without blood (-20% HP).
You can heal yourself when you bite living creatures.
You are immune to poison.
You have razor-sharp teeth.
You have supernaturally acute eyesight. (SInv)
You can survive without breathing.


Message History

The worker ant is heavily wounded.
The worker ant misses you.
You barely miss the worker ant.
The worker ant is heavily wounded.
The worker ant misses you.
You barely miss the worker ant.
The worker ant is heavily wounded.
The worker ant bites you.
You are too injured to fight recklessly!
You are too injured to fight recklessly!
You are too injured to fight recklessly!
You are too injured to fight recklessly!
You are too injured to fight recklessly!
You are too injured to fight recklessly!
You are too injured to fight recklessly!
You hit the worker ant but do no damage.
The worker ant is heavily wounded.
The worker ant waves its antennae.
The worker ant bites you.
You die...

####### #.....#
###########.###.###+ ##
#...........# #.##..
....#.######...####.##..
...........'...'.....+..
.....#.##.#...####.##..
.>. #@##.##### #.##.. .
#B##.# #.###' #.##.# #.#
#. ..##.# #.###.
####.########.#...
...............
#..............
##########.#... #...+...


You could see a worker ant.

Vanquished Creatures
  A quokka (D:5)
  2 leopard gecko zombies (D:5)
3 creatures vanquished.

Notes
Turn   | Place    | Note
-------+----------+-------------------------------------------
     0 | D:5      | flotson the Vampire Delver began the quest for the Orb.
     0 | D:5      | Reached XP level 1. HP: 17/17 MP: 1/1
     9 | D:5      | Noticed a worker ant
   181 | D:5      | Noticed a sky beast
   250 | D:4      | Noticed a worker ant
   335 | D:4      | Noticed a worker ant
   349 | D:4      | Slain by a worker ant

Illustrated notes

Levels and vault maps discovered:
D:4:      layout_basic
D:5:      layout_basic, serial_shops, shop_statue

Action                   || total
-------------------------++-------
Melee: Unarmed           ||    18
       Bite              ||     2
 Abil: Exsanguinate      ||     1
 Stab: Sleeping          ||     3
Armor: Leather armour    ||     3
Dodge: Dodged            ||    10

Table legend: (Time is in decaauts)
 A = Elapsed time spent in this place.
 B = Non-inter-level travel time spent in this place.
 C = Inter-level travel time spent in this place.
 D = Time resting spent in this place.
 E = Time spent auto-exploring this place.
 F = Levels seen in this place.
 G = Mean time per level.
                   A        B        C        D        E       F      G
               +--------+--------+--------+--------+--------+-----+--------+
         Total |    348 |    285 |     63 |      0 |    150 |   2 |  174.0 |
       Dungeon |    348 |    285 |     63 |      0 |    150 |   2 |  174.0 |
               +--------+--------+--------+--------+--------+-----+--------+

Top non-repeatable levels by time:
     D:5: 249 daAuts
     D:4: 98 daAuts
